[Event "FIDE World Junior U20-ch Girls 2025"]
[Site "Petrovac"]
[Date "2025.03.03"]
[Round "7.22"]
[White "Tarasenka, Aliaksandra"]
[Black "Shohradova, Leyla"]
[Result "1-0"]
[Annotator "NA COMBH"]
[ECO "C15"]
[WhiteElo "2139"]
[BlackElo "1986"]
[PlyCount "141"]
[EventDate "2025.02.23"]
[EventType "swiss"]
[EventCountry "MNE"]
[SourceTitle "playchess.com"]
[Source "ChessBase"]
[SourceQuality "1"]
[TimeControl "40/5400+30:1800+30"]

1. e4 e6 2. d4 d5 3. Nc3 Bb4 4. Nge2 dxe4 5. a3 Be7 6. Nxe4 b6 7. g3 Bb7 8. Bg2 Qc8 9. O-O Nd7 10. c4 Ngf6 11. Nxf6+ Bxf6 12. d5 exd5 13. Nf4 O-O 14. Nxd5 c6 15. Nxf6+ Nxf6 16. Qf3 Rb8 17. c5 Nd5 18. Bf4 Nxf4 19. Qxf4 bxc5 20. Rfc1 c4 21. Qxc4 c5 22. Qxc5 Qxc5 23. Rxc5 Bxg2 24. Kxg2 Rxb2 25. Rc7 a6 26. Ra7 Rb6 27. a4 Rfb8 28. a5 Rf6 29. Rb1 Rd8 30. Rb6 Rf5 31. Rbxa6 g6 32. Ra8 Rxa8 33. Rxa8+ Kg7 34. h4 h5 35. Kf1 Rf3 36. Ke2 Ra3 37. a6 Kf6 38. Kd2 Kf5 39. Ke2 f6 40. a7 Ra2+ 41. Ke3 Ra3+ 42. Kd4 Ra1 43. f3 Ra5 44. Kc4 Ra1 45. Kb5 Rb1+ 46. Kc6 Rc1+ 47. Kd6 Rd1+ 48. Ke7 Ra1 49. Kf7 Ra6 50. Kg7 Ra3 51. Kh6 Ra6 52. Rb8 Rxa7 53. Rb5+ Ke6 54. Kxg6 Ra1 55. Kxh5 Ra3 56. Kg4 Kf7 57. h5 Kg7 58. Rb7+ Kh6 59. Rf7 Ra6 60. f4 Rb6 61. Kh4 f5 62. Rxf5 Rb1 63. Rf6+ Kg7 64. Ra6 Rb7 65. g4 Kh7 66. g5 Rb1 67. Ra7+ Kg8 68. h6 Rg1 69. Kh5 Rb1 70. Ra8+ Kf7 {[%emt 0:00:08] Check Result:#15} 71. h7 1-0

[Event "FIDE World Junior U20-ch Girls 2025"]
[Site "Petrovac"]
[Date "2025.03.03"]
[Round "7.23"]
[White "Peglau, Dora"]
[Black "Gasparyan, Milena"]
[Result "0-1"]
[Annotator "NA COMBH"]
[ECO "D40"]
[WhiteElo "2134"]
[BlackElo "1986"]
[PlyCount "68"]
[EventDate "2025.02.23"]
[EventType "swiss"]
[EventCountry "MNE"]
[SourceTitle "playchess.com"]
[Source "ChessBase"]
[SourceQuality "1"]
[TimeControl "40/5400+30:1800+30"]

1. Nf3 d5 2. c4 e6 3. d4 Nf6 4. Nc3 c5 5. e3 Be7 6. dxc5 Bxc5 7. a3 dxc4 8. Qxd8+ Kxd8 9. Bxc4 a6 10. b4 Bd6 11. Bb2 b5 12. Bb3 Bb7 13. Ke2 Ke7 14. Nd2 Rd8 15. Rac1 Nbd7 16. e4 Be5 17. f3 Rac8 18. g3 g5 19. Nd1 Bxb2 20. Nxb2 g4 21. fxg4 Nxe4 22. Nxe4 Bxe4 23. Rhf1 Ne5 24. g5 Nf3 25. Rxc8 Rxc8 26. Bd1 Rc3 27. a4 Nxh2 28. Rf2 Nf3 29. axb5 axb5 30. g4 Ra3 31. Kf1 Nxg5 32. Be2 Ra1+ 33. Nd1 Nh3 34. Rh2 {[%emt 0:02:48] Check Result:-5.69} Nf4 0-1

[Event "FIDE World Junior U20-ch Girls 2025"]
[Site "Petrovac"]
[Date "2025.03.03"]
[Round "7.24"]
[White "Petricenco, Ana"]
[Black "Ter-Avetisjana, Agnesa Stepania"]
[Result "1/2-1/2"]
[Annotator "RC"]
[ECO "B12"]
[WhiteElo "1973"]
[BlackElo "2133"]
[PlyCount "178"]
[EventDate "2025.02.23"]
[EventType "swiss"]
[EventCountry "MNE"]
[SourceTitle "playchess.com"]
[Source "ChessBase"]
[SourceQuality "1"]
[TimeControl "40/5400+30:1800+30"]

1. e4 c6 2. d4 d5 3. e5 Bf5 4. Nf3 e6 5. Be2 Nd7 6. O-O h6 7. c3 Ne7 8. Nbd2 a5 9. a3 Bg6 10. b4 Nf5 11. Bb2 Be7 12. h3 O-O 13. Nb3 a4 14. Nc5 Nxc5 15. dxc5 b6 16. Nd4 Qc7 17. cxb6 Qxb6 18. Nxf5 Bxf5 19. c4 Rfd8 20. cxd5 Rxd5 21. Qc1 Rad8 22. Bc3 Bg5 23. Qe1 Bf4 24. Bc4 Bd3 25. Bxd3 Rxd3 26. Bb2 c5 27. Qe4 Bg5 28. Bc1 R3d4 29. bxc5 Qxc5 30. Qe2 Be7 31. Re1 Rd3 32. Qe4 Qc2 33. Be3 Rc3 34. Qg4 Rc4 35. Qf3 Qe4 36. Qe2 Rc3 37. Qb2 Rb3 38. Qc1 Qd3 39. Qc7 Qd7 40. Qxd7 Rxd7 41. Rec1 Bxa3 42. Rc4 Bb2 43. Raxa4 Rd1+ 44. Kh2 Bxe5+ 45. Bf4 Bf6 46. Ra8+ Kh7 47. Raa4 Rb2 48. Be3 Be5+ 49. g3 Rd3 50. Re4 Bf6 51. Kg2 Rb7 52. Bd4 Bg5 53. h4 Be7 54. Be3 Rdd7 55. Ra6 h5 56. Ra5 g6 57. Raa4 Rb5 58. Bd4 Rbd5 59. Ba1 Bf8 60. Ra8 Bg7 61. Bxg7 Kxg7 62. Ra6 Rd2 63. Rea4 e5 64. Re4 Rc2 65. Ra3 Rdd2 66. Rf3 Re2 67. Rxe2 Rxe2 68. Kf1 Rb2 69. Re3 Kf6 70. Kg2 Kf5 71. Rf3+ Ke6 72. Ra3 f6 73. Kf3 Kf5 74. Ke3 g5 75. hxg5 fxg5 76. Kf3 Rb6 77. Ra8 e4+ 78. Kg2 Re6 79. Ra5+ Re5 80. Ra3 Kg4 81. Ra4 Kf5 82. Ra3 Rd5 83. Ra4 h4 84. Ra8 e3 85. Rf8+ Kg4 86. f3+ Kh5 87. Rh8+ Kg6 88. gxh4 Re5 89. Kf1 e2+ 1/2-1/2

[Event "FIDE World Junior U20-ch Girls 2025"]
[Site "Petrovac"]
[Date "2025.03.03"]
[Round "7.25"]
[White "Nguyen, Binh Vy"]
[Black "Mihelic, Vesna"]
[Result "1-0"]
[Annotator "NA"]
[ECO "C54"]
[WhiteElo "1926"]
[BlackElo "2115"]
[PlyCount "85"]
[EventDate "2025.02.23"]
[EventType "swiss"]
[EventCountry "MNE"]
[SourceTitle "playchess.com"]
[Source "ChessBase"]
[SourceQuality "1"]
[TimeControl "40/5400+30:1800+30"]

1. e4 e5 2. Nf3 Nc6 3. Bc4 Bc5 4. c3 Nf6 5. d3 O-O 6. Bb3 d5 7. Qe2 a5 8. a4 Be6 9. Bc2 dxe4 10. dxe4 h6 11. O-O Qe7 12. Nbd2 Nh5 13. Nb3 Bb6 14. Rd1 Bg4 15. Be3 Bxe3 16. fxe3 Nf6 17. h3 Bh5 18. Nbd2 Qc5 19. g4 Bg6 20. Nh4 Ne7 21. Rf1 Rad8 22. Rf2 Rd6 23. Qf3 Rfd8 24. Nf1 Qc4 25. Nf5 Bxf5 26. gxf5 Nc6 27. Rg2 Kf8 28. Re1 Ke7 29. Ree2 Kd7 30. Rxg7 Kc8 31. Reg2 Qa2 32. Qe2 R6d7 33. Qb5 Nh5 34. Rg8 Qa1 35. Rxd8+ Rxd8 36. Bb3 Nf6 37. Bd5 Nxd5 38. exd5 Ne7 39. e4 Qe1 40. Qe2 Qa1 41. Qc4 Ng8 42. d6 c6 43. Qxf7 1-0

[Event "FIDE World Junior U20-ch Girls 2025"]
[Site "Petrovac"]
[Date "2025.03.03"]
[Round "7.26"]
[White "Avetisyan, Ani"]
[Black "Sulyok, Eszter"]
[Result "1-0"]
[Annotator "NA"]
[ECO "D43"]
[WhiteElo "1904"]
[BlackElo "2109"]
[PlyCount "105"]
[EventDate "2025.02.23"]
[EventType "swiss"]
[EventCountry "MNE"]
[SourceTitle "playchess.com"]
[Source "ChessBase"]
[SourceQuality "1"]
[TimeControl "40/5400+30:1800+30"]

1. d4 Nf6 2. c4 e6 3. Nf3 d5 4. Nc3 c6 5. Qc2 Nbd7 6. cxd5 exd5 7. Bg5 h6 8. Bh4 Be7 9. e3 O-O 10. Bd3 Re8 11. O-O Ne4 12. Bxe4 Bxh4 13. Bh7+ Kh8 14. Bd3 Bf6 15. b4 Nf8 16. b5 Bg4 17. bxc6 bxc6 18. Na4 Bxf3 19. gxf3 Ne6 20. Nc5 Nxd4 21. exd4 Bxd4 22. Rae1 Qg5+ 23. Kh1 Qf4 24. Kg2 Be5 25. Rh1 Qg5+ 26. Kf1 Qh4 27. h3 Bd4 28. Rb1 Rab8 29. Rb3 a5 30. Bf5 Rxb3 31. Nxb3 Bb6 32. Kg2 a4 33. Nc1 g6 34. Bd7 Re7 35. Bxc6 Rc7 36. Nd3 Qg5+ 37. Kh2 Qf6 38. Rc1 Bd4 39. Qxa4 Bc3 40. Rxc3 Qxc3 41. Bb5 Kg7 42. Qf4 Re7 43. Qd6 Re6 44. Qxd5 Rf6 45. a4 Rf5 46. Qe4 Qa1 47. f4 Qd1 48. Qd4+ Rf6 49. a5 Qb3 50. Bc4 Qb8 51. a6 g5 52. a7 Qh8 53. Bd5 1-0

[Event "FIDE World Junior U20-ch Girls 2025"]
[Site "Petrovac"]
[Date "2025.03.03"]
[Round "7.27"]
[White "Shokirjonova, Barchinoy"]
[Black "Seyilhanova, Gulmira"]
[Result "1-0"]
[Annotator "NA"]
[ECO "E62"]
[WhiteElo "2061"]
[BlackElo "1939"]
[PlyCount "81"]
[EventDate "2025.02.23"]
[EventType "swiss"]
[EventCountry "MNE"]
[SourceTitle "playchess.com"]
[Source "ChessBase"]
[SourceQuality "1"]
[TimeControl "40/5400+30:1800+30"]

1. d4 Nf6 2. c4 g6 3. Nf3 Bg7 4. g3 O-O 5. Bg2 d6 6. O-O Nc6 7. Nc3 e5 8. dxe5 dxe5 9. Bg5 Be6 10. Nd2 h6 11. Bxf6 Qxf6 12. e3 Qe7 13. Nd5 Qd8 14. Nb3 f5 15. Nc5 Bc8 16. Qb3 Rf7 17. Nxb7 Qe8 18. Nc5 e4 19. Qc2 Qf8 20. Nb3 Ne5 21. Rad1 g5 22. Nd4 c6 23. Nc3 Qb4 24. b3 Nd3 25. f3 Ne5 26. fxe4 Ng4 27. Qc1 f4 28. exf4 gxf4 29. gxf4 Rd7 30. e5 Bb7 31. Ne4 Rad8 32. Nf5 Bf8 33. Rxd7 Rxd7 34. h3 Bc5+ 35. Kh1 Nxe5 36. fxe5 Rc7 37. Nxc5 Qxc5 38. Qe3 Qxe3 39. Nxe3 Re7 40. Ng4 Kg7 41. Re1 1-0

[Event "FIDE World Junior U20-ch Girls 2025"]
[Site "Petrovac"]
[Date "2025.03.03"]
[Round "7.28"]
[White "Shuqja, Klean"]
[Black "Zito, Enrica"]
[Result "1-0"]
[Annotator "NA RC"]
[ECO "B33"]
[WhiteElo "2049"]
[BlackElo "1941"]
[PlyCount "53"]
[EventDate "2025.02.23"]
[EventType "swiss"]
[EventCountry "MNE"]
[SourceTitle "playchess.com"]
[Source "ChessBase"]
[SourceQuality "1"]
[TimeControl "40/5400+30:1800+30"]

1. e4 c5 2. Nf3 Nc6 3. d4 cxd4 4. Nxd4 Nf6 5. Nc3 e5 6. Ndb5 d6 7. Bg5 a6 8. Na3 b5 9. Nd5 Be7 10. Bxf6 Bxf6 11. c3 O-O 12. Be2 Rb8 13. Nc2 Bg5 14. O-O Be6 15. Nce3 Ne7 16. Nxe7+ Bxe7 17. Nd5 Bxd5 18. Qxd5 Qb6 19. Rfd1 Rbc8 20. Qb3 Kh8 21. Rf1 Rc5 22. a4 Qc6 23. axb5 axb5 24. Ra7 Qxe4 25. Rxe7 Qxe2 26. Qxf7 Rg8 27. Re8 1-0

[Event "FIDE World Junior U20-ch Girls 2025"]
[Site "Petrovac"]
[Date "2025.03.03"]
[Round "7.29"]
[White "Huseynova, Lala"]
[Black "Nguyen Thien Ngan"]
[Result "0-1"]
[Annotator "NA COMBH"]
[ECO "C95"]
[WhiteElo "2032"]
[BlackElo "1923"]
[PlyCount "115"]
[EventDate "2025.02.23"]
[EventType "swiss"]
[EventCountry "MNE"]
[SourceTitle "playchess.com"]
[Source "ChessBase"]
[SourceQuality "1"]
[TimeControl "40/5400+30:1800+30"]

1. e4 e5 2. Nf3 Nc6 3. Bb5 a6 4. Ba4 Nf6 5. O-O b5 6. Bb3 Be7 7. Re1 d6 8. c3 O-O 9. h3 Nb8 10. d4 Nbd7 11. Nbd2 Bb7 12. Bc2 Re8 13. Nf1 Bf8 14. Ng3 g6 15. Bg5 h6 16. Bd2 Bg7 17. a4 exd4 18. cxd4 c5 19. Bf4 Qb6 20. a5 Qc6 21. h4 h5 22. Bb3 c4 23. Bc2 Rac8 24. Rc1 Qc7 25. Qd2 Ng4 26. Bb1 Nb8 27. Ba2 Nc6 28. d5 Nce5 29. Nxe5 Nxe5 30. Bb1 Ng4 31. f3 Ne5 32. Ne2 Nd7 33. b4 Ne5 34. Nc3 Qe7 35. Bg5 Bf6 36. f4 Ng4 37. Ne2 Qd7 38. Bxf6 Nxf6 39. Qd4 Qd8 40. Nc3 Ng4 41. g3 Rc7 42. Bc2 Qf6 43. Qxf6 Nxf6 44. Rcd1 Rce7 45. Rd2 Kf8 46. Kg2 Ng4 47. Kf1 f5 48. Rde2 Kf7 49. Kg1 Kf6 50. Kg2 fxe4 51. Rxe4 Rxe4 52. Nxe4+ Kg7 53. Kf1 Bxd5 54. Nxd6 Bg2+ 55. Kxg2 Rxe1 56. Be4 c3 57. f5 Rxe4 {[%emt 0:00:27] Check Result:-#14} 58. f6+ 0-1

[Event "FIDE World Junior U20-ch Girls 2025"]
[Site "Petrovac"]
[Date "2025.03.03"]
[Round "7.30"]
[White "Blokhin, Sofia"]
[Black "Djerroud, Chahrazed"]
[Result "1-0"]
[Annotator "NA RC"]
[ECO "C25"]
[WhiteElo "2020"]
[BlackElo "1914"]
[PlyCount "47"]
[EventDate "2025.02.23"]
[EventType "swiss"]
[EventCountry "MNE"]
[SourceTitle "playchess.com"]
[Source "ChessBase"]
[SourceQuality "1"]
[TimeControl "40/5400+30:1800+30"]

1. e4 e5 2. Nc3 Bc5 3. Nf3 Nc6 4. Nxe5 Nxe5 5. d4 Bd6 6. dxe5 Bxe5 7. Qd3 g6 8. Be3 d6 9. f4 Bg7 10. O-O-O Bd7 11. Be2 Bc6 12. Bf3 Ne7 13. Bd4 Bxd4 14. Qxd4 O-O 15. h4 f5 16. Qc4+ Rf7 17. h5 fxe4 18. hxg6 Nxg6 19. Bxe4 Qf6 20. Nd5 Qg7 21. Bxg6 hxg6 22. Ne7+ Kf8 23. Rh8+ Kxe7 24. Re1+ 1-0

[Event "FIDE World Junior U20-ch Girls 2025"]
[Site "Petrovac"]
[Date "2025.03.03"]
[Round "7.31"]
[White "Guo, Hanxi"]
[Black "Hernandez, Lexie Grace"]
[Result "1/2-1/2"]
[Annotator "NA COMBH"]
[ECO "B13"]
[WhiteElo "1854"]
[BlackElo "1892"]
[PlyCount "199"]
[EventDate "2025.02.23"]
[EventType "swiss"]
[EventCountry "MNE"]
[SourceTitle "playchess.com"]
[Source "ChessBase"]
[SourceQuality "1"]
[TimeControl "40/5400+30:1800+30"]

1. e4 c6 2. d4 d5 3. exd5 cxd5 4. c4 Nf6 5. Nc3 Nc6 6. Bg5 Be6 7. a3 g6 8. Bxf6 exf6 9. cxd5 Bxd5 10. Qe2+ Ne7 11. Nxd5 Qxd5 12. Qb5+ Qxb5 13. Bxb5+ Kd8 14. Bc4 Nf5 15. Bxf7 Ke7 16. Bd5 Bg7 17. Nf3 Rhd8 18. Bxb7 Rab8 19. Bc6 Rxb2 20. d5 Kd6 21. O-O Ne7 22. Rfe1 Nxc6 23. dxc6 Kxc6 24. Rac1+ Kd7 25. h3 Bf8 26. Rc3 Rb6 27. Rd1+ Rd6 28. Rb1 Ke6 29. Re1+ Kf7 30. Kf1 Rd3 31. Rc7+ R8d7 32. Rxd7+ Rxd7 33. a4 Bc5 34. Rc1 Rd5 35. Ke2 Bb6 36. Rc4 Ke6 37. Rc6+ Rd6 38. Rc2 Kd5 39. Kd3 Rc6 40. Rb2 Rc4 41. Rb5+ Bc5 42. Nd2 Rd4+ 43. Kc3 Rxa4 44. Nb3 Rc4+ 45. Kd3 h6 46. Ra5 h5 47. g3 g5 48. f3 a6 49. f4 gxf4 50. gxf4 f5 51. Nxc5 Rxc5 52. Rxa6 Rb5 53. Ra3 h4 54. Ke3 Rb1 55. Ra5+ Ke6 56. Ra6+ Kf7 57. Ra7+ Kg6 58. Ra6+ Kh5 59. Ra3 Rb2 60. Kd4 Re2 61. Rf3 Kg6 62. Kd3 Rh2 63. Kd4 Kf6 64. Rc3 Rd2+ 65. Ke3 Rg2 66. Rc6+ Ke7 67. Rh6 Rg3+ 68. Kf2 Rxh3 69. Rh7+ Ke6 70. Rh5 Ra3 71. Rxh4 Kd5 72. Rh8 Ke4 73. Rb8 Ra2+ 74. Kg3 Ra3+ 75. Kf2 Rd3 76. Rb4+ Rd4 77. Rb3 Kxf4 78. Ke2 Ra4 79. Kf2 Ra2+ 80. Kf1 Kg4 81. Rc3 f4 82. Rb3 Rh2 83. Ra3 Rh1+ 84. Kf2 Rh2+ 85. Kf1 Rc2 86. Rb3 Rc7 87. Kf2 Re7 88. Ra3 Rb7 89. Rc3 Rb4 90. Ra3 Re4 91. Rb3 Ra4 92. Rc3 f3 93. Rc8 Ra2+ 94. Kf1 f2 95. Rg8+ Kf4 96. Rf8+ Ke3 97. Re8+ Kd4 98. Re2 Rxe2 99. Kxe2 Ke5 {[%emt 0:00:03] Check Result:0.00} 100. Kxf2 1/2-1/2

[Event "FIDE World Junior U20-ch Girls 2025"]
[Site "Petrovac"]
[Date "2025.03.03"]
[Round "7.32"]
[White "Shohradova, Lala"]
[Black "Khuslen, Erdenebayar"]
[Result "0-1"]
[Annotator "RC"]
[ECO "A57"]
[WhiteElo "2025"]
[BlackElo "2201"]
[PlyCount "90"]
[EventDate "2025.02.23"]
[EventType "swiss"]
[EventCountry "MNE"]
[SourceTitle "playchess.com"]
[Source "ChessBase"]
[SourceQuality "1"]
[TimeControl "40/5400+30:1800+30"]

1. d4 Nf6 2. c4 c5 3. d5 b5 4. cxb5 a6 5. e3 e6 6. Nc3 exd5 7. Nxd5 Bb7 8. Nxf6+ Qxf6 9. Nf3 Be7 10. bxa6 Rxa6 11. Bxa6 Bxa6 12. Bd2 Qg6 13. Bc3 O-O 14. Qd2 Nc6 15. a3 d5 16. Ne5 Nxe5 17. Bxe5 Qe4 18. Bf4 Qxg2 19. O-O-O Rd8 20. Rhg1 Qe4 21. Bh6 g6 22. Qa5 Bc8 23. Qc3 d4 24. Qc2 Qh4 25. Bf4 Be6 26. Be5 Kf8 27. e4 Qh5 28. f4 f6 29. Bc7 Rc8 30. f5 gxf5 31. Bf4 Qh4 32. Rdf1 c4 33. exf5 c3 34. Qe4 cxb2+ 35. Kb1 Bb3 36. Qb7 Bc2+ 37. Kxb2 Bxf5 38. Qd5 Bg6 39. Bd6 Rc2+ 40. Ka1 Re2 41. Rb1 Kg7 42. Qb7 Qf2 43. Qd5 Bxd6 44. Rb7+ Kh6 45. Rc1 Be5 0-1

[Event "FIDE World Junior U20-ch Girls 2025"]
[Site "Petrovac"]
[Date "2025.03.03"]
[Round "7.33"]
[White "Karacsonyi, Kata"]
[Black "Sneha Halder"]
[Result "1-0"]
[Annotator "RC"]
[ECO "B12"]
[WhiteElo "2191"]
[BlackElo "2065"]
[PlyCount "121"]
[EventDate "2025.02.23"]
[EventType "swiss"]
[EventCountry "MNE"]
[SourceTitle "playchess.com"]
[Source "ChessBase"]
[SourceQuality "1"]
[TimeControl "40/5400+30:1800+30"]

1. e4 c6 2. d4 d5 3. e5 Bf5 4. Bd3 Bxd3 5. Qxd3 e6 6. Ne2 Nd7 7. c3 c5 8. Nd2 Ne7 9. O-O Nc6 10. Qg3 g6 11. Nf3 Be7 12. h4 Qb6 13. Qf4 h6 14. Rb1 Qa6 15. Re1 Qd3 16. Be3 g5 17. hxg5 hxg5 18. Nxg5 Qg6 19. Ng3 cxd4 20. cxd4 Nb4 21. Red1 Nd3 22. Qxf7+ Qxf7 23. Nxf7 Kxf7 24. Rxd3 Rac8 25. Rc1 Nb6 26. b3 Ba3 27. Rxc8 Rxc8 28. f4 Kg6 29. Kf2 Rc2+ 30. Rd2 Rc6 31. Re2 Na8 32. Nf1 Nc7 33. Nd2 Nb5 34. Nb1 Bc1 35. a4 Bxe3+ 36. Kxe3 Rc1 37. Rb2 Nc3 38. Kd2 Rxb1 39. Rxb1 Nxb1+ 40. Kc2 Kf5 41. g3 Na3+ 42. Kb2 Ke4 43. Kxa3 Kxd4 44. f5 Kxe5 45. fxe6 Kxe6 46. Kb4 Ke5 47. Kc3 Ke4 48. Kd2 Kf3 49. Kd3 Kxg3 50. b4 Kf3 51. b5 Kf2 52. a5 a6 53. b6 Ke1 54. Kd4 Kd2 55. Kxd5 Kc3 56. Kd6 Kb4 57. Kc7 Kxa5 58. Kxb7 Kb5 59. Kc7 a5 60. b7 Ka4 61. b8=Q 1-0

[Event "FIDE World Junior U20-ch Girls 2025"]
[Site "Petrovac"]
[Date "2025.03.03"]
[Round "7.35"]
[White "Beber, Anja"]
[Black "Cornileau, Juliette"]
[Result "1/2-1/2"]
[Annotator "NA"]
[ECO "D01"]
[WhiteElo "1988"]
[BlackElo "2144"]
[PlyCount "77"]
[EventDate "2025.02.23"]
[EventType "swiss"]
[EventCountry "MNE"]
[SourceTitle "playchess.com"]
[Source "ChessBase"]
[SourceQuality "1"]
[TimeControl "40/5400+30:1800+30"]

1. d4 Nf6 2. Nc3 d5 3. Bf4 e6 4. Nb5 Na6 5. e3 c6 6. Nc3 Nb8 7. a3 Bd6 8. Nf3 O-O 9. Bd3 Bxf4 10. exf4 b6 11. Ne5 c5 12. Qf3 Ba6 13. O-O Bxd3 14. Qxd3 a6 15. Rfe1 Qc7 16. Ne2 Nbd7 17. c3 c4 18. Qe3 b5 19. Ng3 g6 20. h4 a5 21. h5 Ra6 22. f3 Rb6 23. f5 exf5 24. Qg5 Qd8 25. Nxf5 Nxe5 26. Rxe5 Nxh5 27. Qxd8 Rxd8 28. Ne7+ Kg7 29. Nxd5 Rb7 30. Rae1 Nf6 31. Nxf6 Kxf6 32. Rc5 Rd6 33. Re2 Re6 34. Rd2 Rd6 35. a4 Rdb6 36. axb5 Rxb5 37. Rxc4 Rxb2 38. Rxb2 Rxb2 39. Ra4 1/2-1/2

[Event "FIDE World Junior U20-ch Girls 2025"]
[Site "Petrovac"]
[Date "2025.03.03"]
[Round "7.36"]
[White "Xu, Luna Yuexiu"]
[Black "Valcu, Lavinia"]
[Result "1/2-1/2"]
[Annotator "NA COMBH"]
[ECO "B75"]
[WhiteElo "1903"]
[BlackElo "2137"]
[PlyCount "82"]
[EventDate "2025.02.23"]
[EventType "swiss"]
[EventCountry "MNE"]
[SourceTitle "playchess.com"]
[Source "ChessBase"]
[SourceQuality "1"]
[TimeControl "40/5400+30:1800+30"]

1. e4 c5 2. Nf3 d6 3. d4 cxd4 4. Nxd4 Nf6 5. Nc3 g6 6. Be3 Bg7 7. f3 a6 8. Qd2 h5 9. Nd5 Nbd7 10. c4 O-O 11. Be2 Ne5 12. O-O Bd7 13. b4 h4 14. Rac1 h3 15. g3 Nh7 16. Nb3 Bc6 17. Bb6 Qd7 18. f4 Ng4 19. Bxg4 Qxg4 20. Nxe7+ Kh8 21. Nxc6 bxc6 22. Qxd6 Qe2 23. Rf2 Qxe4 24. Bd4 Rad8 25. Bxg7+ Kxg7 26. Qe5+ Qxe5 27. fxe5 Ng5 28. Na5 Rc8 29. c5 Rfe8 30. Re1 Re6 31. Nc4 Rce8 32. Re3 Kh6 33. Ra3 Rd8 34. Kf1 Rd4 35. Rf4 Rd1+ 36. Ke2 Rh1 37. Rxa6 Rxh2+ 38. Rf2 Rh1 39. Rf1 Rh2+ 40. Rf2 Rh1 41. Rf1 {[%emt 0:31:16] Check Result:0.00} Rh2+ 1/2-1/2

[Event "FIDE World Junior U20-ch Girls 2025"]
[Site "Petrovac"]
[Date "2025.03.03"]
[Round "7.37"]
[White "Abdinova, Narmin"]
[Black "Mrittika Mallick"]
[Result "0-1"]
[Annotator "NA"]
[ECO "A05"]
[WhiteElo "2186"]
[BlackElo "2058"]
[PlyCount "60"]
[EventDate "2025.02.23"]
[EventType "swiss"]
[EventCountry "MNE"]
[SourceTitle "playchess.com"]
[Source "ChessBase"]
[SourceQuality "1"]
[TimeControl "40/5400+30:1800+30"]

1. Nf3 Nf6 2. g3 b5 3. Bg2 Bb7 4. O-O c5 5. d3 e6 6. e4 d6 7. Qe2 Nbd7 8. Rd1 Qc7 9. Nbd2 Be7 10. h3 O-O 11. Nf1 Rac8 12. g4 Ne5 13. Ne1 Ng6 14. f4 e5 15. g5 Nd7 16. f5 Nf4 17. Qg4 f6 18. h4 Qd8 19. Bxf4 exf4 20. g6 Ne5 21. gxh7+ Kh8 22. Qxf4 g5 23. fxg6 Nxg6 24. Qh6 Ne5 25. Bh3 f5 26. Bxf5 Rxf5 27. exf5 Bxh4 28. f6 Bxf6 29. Nh2 Rc7 30. Ng2 Rg7 0-1

[Event "FIDE World Junior U20-ch Girls 2025"]
[Site "Petrovac"]
[Date "2025.03.03"]
[Round "7.38"]
[White "Canino, Ruelle"]
[Black "Hernandez Diaz, Paula Sofia"]
[Result "0-1"]
[Annotator "NA"]
[ECO "A27"]
[WhiteElo "2179"]
[BlackElo "1972"]
[PlyCount "96"]
[EventDate "2025.02.23"]
[EventType "swiss"]
[EventCountry "MNE"]
[SourceTitle "playchess.com"]
[Source "ChessBase"]
[SourceQuality "1"]
[TimeControl "40/5400+30:1800+30"]

1. c4 e5 2. Nc3 Nc6 3. Nf3 f5 4. d4 e4 5. Ng1 Bb4 6. d5 Bxc3+ 7. bxc3 Ne5 8. Qd4 d6 9. c5 Qe7 10. cxd6 cxd6 11. Ba3 Nf6 12. e3 O-O 13. Be2 b6 14. Nh3 Bb7 15. Nf4 Rfc8 16. h4 Qc7 17. Rc1 Qe7 18. h5 Nfd7 19. f3 exf3 20. gxf3 Ba6 21. Ne6 Bxe2 22. Kxe2 Rc4 23. Qd2 Nf8 24. Rcg1 Nxe6 25. dxe6 Qxe6 26. Qxd6 Qxd6 27. Bxd6 Nf7 28. Be7 Rc6 29. Rh3 Re6 30. Ba3 Ne5 31. Rhg3 g6 32. hxg6 hxg6 33. Bc1 Rae8 34. e4 fxe4 35. fxe4 Kf7 36. Rh1 Rg8 37. Be3 Nc6 38. Rg4 Ne5 39. Rgh4 g5 40. Rh7+ Rg7 41. Bd4 Rxh7 42. Rxh7+ Kg6 43. Rxa7 Nc6 44. Ra6 Rxe4+ 45. Kd3 Rxd4+ 46. cxd4 Nb4+ 47. Kc4 Nxa6 48. Kb5 g4 0-1

[Event "FIDE World Junior U20-ch Girls 2025"]
[Site "Petrovac"]
[Date "2025.03.03"]
[Round "7.39"]
[White "Sovetbekova, Nurai"]
[Black "Zhou, Shumeng"]
[Result "1-0"]
[Annotator "NA"]
[ECO "D35"]
[WhiteElo "1940"]
[BlackElo "2049"]
[PlyCount "79"]
[EventDate "2025.02.23"]
[EventType "swiss"]
[EventCountry "MNE"]
[SourceTitle "playchess.com"]
[Source "ChessBase"]
[SourceQuality "1"]
[TimeControl "40/5400+30:1800+30"]

1. d4 d5 2. c4 e6 3. Nc3 Nf6 4. cxd5 exd5 5. Bg5 c6 6. e3 h6 7. Bh4 Be7 8. Bd3 O-O 9. h3 Re8 10. Bg3 c5 11. Nge2 b6 12. O-O Bb7 13. Rc1 Bd6 14. Bxd6 Qxd6 15. Ng3 g6 16. Qc2 Nfd7 17. Rfd1 c4 18. Be2 a6 19. e4 b5 20. e5 Qe7 21. Kh2 Nf8 22. f4 h5 23. Bf3 Rd8 24. f5 h4 25. Nge2 Qg5 26. fxg6 Nxg6 27. Rf1 b4 28. Na4 Nd7 29. Bg4 Ndf8 30. Rf5 Qe3 31. Rcf1 Bc8 32. Rxf7 Bxg4 33. hxg4 b3 34. axb3 cxb3 35. Qf5 Qh6 36. g5 Qh8 37. Nc5 Rac8 38. Nf4 Nxe5 39. dxe5 Rxc5 40. Ng6 1-0

[Event "FIDE World Junior U20-ch Girls 2025"]
[Site "Petrovac"]
[Date "2025.03.03"]
[Round "7.39"]
[White "Sovetbekova, Nurai"]
[Black "Zhou, Shumeng"]
[Result "*"]
[Annotator "NA RC"]
[ECO "D35"]
[WhiteElo "1940"]
[BlackElo "2049"]
[PlyCount "21"]
[EventDate "2025.02.23"]
[EventType "swiss"]
[EventCountry "MNE"]
[SourceTitle "playchess.com"]
[Source "ChessBase"]
[SourceQuality "1"]
[TimeControl "40/5400+30:1800+30"]

1. d4 d5 2. c4 e6 3. Nc3 Nf6 4. cxd5 exd5 5. Bg5 c6 6. e3 h6 7. Bh4 Be7 8. Bd3 O-O 9. h3 Re8 10. Bg3 c5 11. Nge2 *

[Event "FIDE World Junior U20-ch Girls 2025"]
[Site "Petrovac"]
[Date "2025.03.03"]
[Round "7.40"]
[White "Radenkovic, Mila"]
[Black "Mickunaite, Agne"]
[Result "1/2-1/2"]
[Annotator "NA COMBH"]
[ECO "D01"]
[WhiteElo "2027"]
[BlackElo "1918"]
[PlyCount "191"]
[EventDate "2025.02.23"]
[EventType "swiss"]
[EventCountry "MNE"]
[SourceTitle "playchess.com"]
[Source "ChessBase"]
[SourceQuality "1"]
[TimeControl "40/5400+30:1800+30"]

1. d4 Nf6 2. Nc3 d5 3. Bf4 Bf5 4. Nf3 h6 5. e3 e6 6. Nb5 Na6 7. c3 c6 8. Na3 Nc7 9. Qb3 Rb8 10. Be2 Bd6 11. Ne5 O-O 12. O-O Ne4 13. Rad1 f6 14. Nd3 Bxf4 15. exf4 Qe7 16. Bf3 Qd6 17. Rfe1 b6 18. g3 Qd7 19. Qa4 a5 20. Re3 Nd6 21. Rde1 Rfe8 22. Qd1 Nc4 23. Nxc4 dxc4 24. Nc1 Nd5 25. R3e2 b5 26. Be4 b4 27. Bxf5 exf5 28. Qc2 bxc3 29. bxc3 Rxe2 30. Nxe2 Re8 31. Kf1 Nc7 32. Ng1 Rxe1+ 33. Kxe1 Qd5 34. f3 Qe6+ 35. Qe2 Kf7 36. Qxe6+ Kxe6 37. Nh3 Kd5 38. Nf2 Ne6 39. Nd1 Nc7 40. Ne3+ Ke6 41. Nxc4 Nd5 42. Kd2 a4 43. a3 g5 44. fxg5 fxg5 45. Nb2 Nb6 46. c4 h5 47. h3 g4 48. fxg4 fxg4 49. hxg4 hxg4 50. Kd3 Kf5 51. Ke3 Kg5 52. Ke4 Nc8 53. Nxa4 Nd6+ 54. Kd3 Nf5 55. Nc3 Nxg3 56. a4 Nf5 57. Ne2 Nd6 58. a5 Kf5 59. a6 Nc8 60. Ke3 Nd6 61. Ng3+ Ke6 62. Kd3 Nc8 63. Ne4 Na7 64. Ng3 Nc8 65. Ke3 Nb6 66. Kd3 Nc8 67. c5 Kd7 68. Ke4 Kc7 69. Ke5 Na7 70. Kf4 Nb5 71. Ne2 Kb8 72. Kxg4 Ka7 73. Kf5 Kxa6 74. Ke6 Ka7 75. Ke5 Kb7 76. Kf6 Kc7 77. Ke7 Kc8 78. Ke6 Kc7 79. Ke5 Kd7 80. Nf4 Nc3 81. Kf6 Ne4+ 82. Kf5 Nc3 83. Ne6 Nd5 84. Ke5 Nc3 85. Nf8+ Ke7 86. Ng6+ Kd7 87. Nf4 Na4 88. Ne2 Nb2 89. Nc3 Nc4+ 90. Ke4 Nb2 91. d5 Nc4 92. Kd4 cxd5 93. Kxd5 Ne3+ 94. Kd4 Kc6 95. Kxe3 Kxc5 {[%emt 0:00:06] Check Result:0.08} 96. Ke4 1/2-1/2